AoeStats
← DreamedEagle635

Fortress

509250545Analyzed
3v3 RM · 8d ago on Sep 26, 2026· 52m 33s· 6 players
Game mode
Random Map
Map size
Large (8 player)
Population
200
Speed
Normal
Resources
Standard
Victory
Conquest
Starting age
Dark Age
Ending age
Imperial Age
RankedLock teamsTeams togetherTeam positionsShared explorationLock speedFull tech treeHidden civsTurbo modeCheats
Victory
Defeat
🇨🇴 Bohemians · Colombia
1132
+7
🇨🇴 Teutons · Colombia
730
+22
🇨🇴 Britons · Colombia
711
+22
🇨🇳 Saracens · China
898
-18
🇮🇳 Vietnamese · India
879
-17
🇨🇳 Franks · China
844
-16
Sir Anorak
9:07 Feudal Age
13:09 Castle Age
11:18 Double-Bit Axe
11:19 Horse Collar
13:32 Wheelbarrow
14:12 Bow Saw
18:57 Fletching
20:58 Scale Barding Armor
23:55 Husbandry
28:41 Chain Barding Armor
30:31 Forging
33:59 Iron Casting
33:56 Bodkin Arrow
35:45 Wagenburg Tactics
38:51 Hand Cart
39:54 Heavy Plow
39:59 Elite Skirmisher
40:53 Padded Archer Armor
42:03 Leather Archer Armor
45:37 Imperial Age
43:34 Fortified Wall
43:50 Ballistics
44:31 Chemistry
44:34 Town Watch
46:52 Ring Archer Armor
46:23 Bracer
47:52 Blast Furnace
48:41 Two-Man Saw
49:35 Cavalier
50:18 Scale Mail Armor
50:46 Caravan
51:17 Coinage
50:58 Guilds
52:12 Elite Hussite Wagon
53:15 Conscription
corio27
5:30 Loom
10:31 Feudal Age
12:17 Horse Collar
12:26 Double-Bit Axe
17:04 Castle Age
15:23 Stone Mining
15:48 Gold Mining
16:12 Fletching
17:05 Forging
18:26 Yeomen
21:31 Gambesons
21:47 Squires
21:07 Pikeman
21:35 Arson
21:54 Bodkin Arrow
22:43 Bow Saw
22:36 Heavy Plow
23:45 Padded Archer Armor
25:08 Fervor
24:46 Elite Skirmisher
31:41 Imperial Age
29:01 Town Watch
29:51 Wheelbarrow
32:04 Coinage
31:39 Caravan
32:48 Town Patrol
33:35 Murder Holes
34:00 Ballistics
34:41 Chemistry
33:51 Bracer
34:07 Leather Archer Armor
34:46 Gold Shaft Mining
35:05 Conscription
41:19 Elite Longbowman
nodier.system
10:47 Feudal Age
12:08 Wheelbarrow
11:46 Double-Bit Axe
12:55 Horse Collar
16:23 Castle Age
13:55 Man-at-Arms
14:21 Arson
14:44 Arson
17:36 Hand Cart
18:52 Scale Mail Armor
18:43 Long Swordsman
18:44 Pikeman
20:14 Stone Mining
20:15 Gold Mining
21:36 Chain Mail Armor
22:35 Gambesons
23:46 Loom
25:25 Heavy Plow
26:21 Gold Mining
27:07 Stone Shaft Mining
31:26 Imperial Age
32:06 Capped Ram
32:40 Crossbowman
33:55 Caravan
34:13 Cavalier
36:41 Chemistry
35:52 Fortified Wall
36:28 Crop Rotation
37:45 Bloodlines
37:57 Padded Archer Armor
37:47 Fletching
38:03 Scale Barding Armor
40:18 Elite Teutonic Knight
40:46 Two-Handed Swordsman
40:47 Pikeman
41:27 Squires
42:29 Fervor
42:20 Atonement
44:55 Plate Mail Armor
44:41 Leather Archer Armor
44:22 Bodkin Arrow
44:38 Forging
45:25 Heavy Scorpion
47:31 Ironclad
47:52 Paladin
50:09 Chain Barding Armor
50:21 Ring Archer Armor
50:18 Ballistics
50:54 Elite Skirmisher
maRtin993♪
2:49 Loom
9:55 Feudal Age
14:37 Castle Age
12:47 Double-Bit Axe
13:00 Horse Collar
15:55 Stone Mining
15:56 Gold Mining
16:35 Heavy Plow
20:22 Wheelbarrow
21:23 Hand Cart
22:07 Fervor
22:25 Bow Saw
27:01 Town Watch
28:06 Bimaristan
30:13 Caravan
33:28 Imperial Age
32:21 Gold Shaft Mining
32:22 Fletching
32:33 Padded Archer Armor
32:45 Forging
33:54 Onager
34:28 Elite Mameluke
35:52 Hoardings
36:47 Chemistry
35:43 Murder Holes
36:10 Ballistics
36:01 Fortified Wall
38:08 Counterweights
37:22 Siege Onager
41:09 Sanctity
44:46 Iron Casting
44:06 Bodkin Arrow
44:27 Leather Archer Armor
44:22 Scale Barding Armor
DreamedEagle635
0:36 Loom
8:54 Feudal Age
15:52 Double-Bit Axe
15:53 Horse Collar
18:29 Castle Age
17:09 Fletching
18:44 Padded Archer Armor
19:06 Bloodlines
20:55 Ballistics
24:33 Elite Skirmisher
29:51 Imperial Age
27:40 Bodkin Arrow
28:26 Husbandry
29:29 Leather Archer Armor
29:48 Forging
31:21 Wheelbarrow
30:32 Town Watch
31:21 Bow Saw
32:53 Elite Rattan Archer
35:07 Chemistry
34:17 Murder Holes
34:22 Imperial Skirmisher
louisxxx
1:06 Loom
7:49 Feudal Age
9:27 Double-Bit Axe
14:16 Castle Age
13:30 Gold Mining
15:57 Squires
16:28 Bow Saw
20:35 Gold Shaft Mining
20:24 Ordonnance Companies
23:22 Husbandry
24:20 Padded Archer Armor
Connection lost

Rejoining the realm…

Still unreachable

The connection could not be restored.

Session expired

The server has moved on; the page needs a fresh start.